Map: Abyssal Reef LE

Players

Neeb - Winner!

  • Race: Protoss Protoss
  • Spawn Location: 5:00

LiquidTLO (TLO)

  • Race: Zerg Zerg
  • Spawn Location: 11:00

Event: WCS Jonkoping 2017

VOD

Have the link to the VOD?

Description

Time

  • Played on: June 17, 2017, 3:46 p.m.
  • Length: 10:49

All games in this series

Show
View Real Time Build Order
Export as new Build Order

Neeb Protoss - Winner!

Build Orders: 1 Gate Expand, Mass Adepts 

Get SALT Encoding   

  12  0:01  Probe (Chrono Boost)  
  13  0:11  Probe (Chrono Boost)  
  14  0:19  Pylon  
  14  0:22  Probe (Chrono Boost)  
  15  0:37  Probe (Chrono Boost)  
  15  0:40  Gateway  
  16  0:46  Assimilator  
  16  0:47  Probe (Chrono Boost)  
  17  0:58  Probe (Chrono Boost)  
  18  1:09  Probe (Chrono Boost)  
  19  1:19  Probe (Chrono Boost)  
  20  1:25  Nexus  
  20  1:35  Cybernetics Core  
  20  1:38  Probe (Chrono Boost)  
  21  1:44  Assimilator  
  21  1:48  Probe (Chrono Boost)  
  21  1:52  Pylon  
  22  1:59  Probe (Chrono Boost)  
  23  2:03  Warp Gate  
  23  2:10  Probe (Chrono Boost)  
  23  2:11  Adept (Chrono Boost)  
  26  2:23  Probe, Twilight Council  
  27  2:35  Probe, Adept (Chrono Boost)  
  27  2:36  Probe  
  31  2:46  Probe  
  31  2:47  Probe  
  33  2:58  Probe  
  33  2:59  Probe  
  33  3:00  Resonating Glaives (Chrono Boost)  
  33  3:01  Adept (Chrono Boost)  
  37  3:15  Probe  
  37  3:17  Gateway x2  
  37  3:18  Probe  
  39  3:27  Probe  
  39  3:30  Probe  
  39  3:32  Adept  
  41  3:39  Probe  
  41  3:41  Robotics Facility  
  42  3:42  Probe  
  42  3:45  Pylon  
  43  3:48  Pylon  
  43  3:51  Probe (Chrono Boost)  
  45  3:55  Probe (Chrono Boost)  
  45  4:01  Mothership Core (Chrono Boost)  
  45  4:06  Probe  
  48  4:11  Adept x3  
  48  4:14  Pylon  
  54  4:18  Probe  
  54  4:19  Pylon  
  54  4:21  Pylon  
  55  4:27  Pylon, Probe  
  55  4:29  Warp Prism  
  58  4:32  Adept x2  
  62  4:39  Probe, Adept  
  62  4:40  Probe  
  66  4:51  Probe  
  66  4:53  Adept x2  
  70  5:00  Probe  
  70  5:03  Probe  
  70  5:04  Nexus  
  70  5:07  Pylon  
  70  5:11  Probe  
  67  5:15  Probe  
  67  5:20  Adept x3  
  75  5:21  Observer, Probe  
  75  5:23  Assimilator  
  75  5:26  Assimilator  
  75  5:28  Probe  
  77  5:31  Pylon  
  77  5:32  Probe  
  78  5:40  Probe  
  78  5:42  Probe, Immortal  
  83  5:47  Adept  
  85  5:50  Pylon  
  85  5:52  Pylon  
  83  6:06  Probe  
  83  6:07  Probe  
  77  6:16  Probe  
  77  6:17  Probe  
  76  6:20  Probe  
  76  6:21  Immortal (Chrono Boost)  
  76  6:23  Gateway  
  76  6:24  Gateway  
  76  6:27  Probe x2, Gateway  
  76  6:32  Probe  
  79  6:34  Pylon  
  79  6:35  Sentry x3  
  79  6:39  Probe  
  87  6:43  Pylon, Probe  
  87  6:47  Probe  
  88  6:49  Charge  
  88  6:52  Probe  
  89  6:57  Forge, Probe  
  89  6:59  Probe, Immortal (Chrono Boost)  
  95  7:01  Assimilator  
  95  7:02  Pylon, Assimilator, Adept  
  95  7:04  Probe  
  95  7:05  Adept  
  100  7:11  Pylon, Adept  
  102  7:17  Templar Archives  
  102  7:25  Pylon x2  
  102  7:30  Gateway  
  102  7:31  Gateway  
  102  7:33  Immortal (Chrono Boost)  
  102  7:34  Pylon  
  102  7:36  Protoss Ground Weapons Level 1 (Chrono Boost)  
  106  7:46  Nexus  
  106  7:49  Pylon  
  106  7:52  Probe x2  
  106  7:56  Pylon  
  106  7:57  High Templar x4  
  106  7:58  Zealot x2  
  120  8:05  Probe  
  115  8:13  Probe  
  115  8:16  Immortal (Chrono Boost), Archon x2  
  120  8:23  Photon Cannon  
  120  8:27  Gateway  
  120  8:28  Zealot  
  120  8:29  Gateway  
  122  8:35  Zealot x4  
  130  8:47  Assimilator  
  130  8:50  Immortal (Chrono Boost)  
  130  8:51  Zealot x4  
  130  8:52  Assimilator  
  133  8:58  Probe  
  123  9:04  Probe  
  123  9:05  Probe x2  
  126  9:10  Probe  
  126  9:14  High Templar x4  
  126  9:15  Probe, High Templar x2  
  140  9:17  Probe x2  
  140  9:20  Archon  
  140  9:21  Archon  
  140  9:22  Probe  
  140  9:23  Archon  
  141  9:25  Probe, Immortal (Chrono Boost)  
  146  9:33  Zealot x2  
  146  9:37  Photon Cannon  
  150  9:45  Photon Cannon  
  150  9:48  High Templar  
  150  9:49  Zealot, High Templar x3  
  150  9:50  Zealot x3  
  166  9:53  Archon  
  166  9:55  Photon Cannon  
  166  9:59  Immortal (Chrono Boost)  
  170  10:00  Stargate  
  170  10:01  Archon  
  170  10:06  Zealot  
  170  10:07  Zealot  
  146  10:25  Zealot x8  
  132  10:47  Zealot x10  
Show
View Real Time Build Order
Export as new Build Order

LiquidTLO Zerg 

Build Orders: 3 Hatch before Pool, Swarm Host 

Get SALT Encoding   

  12  0:00  Drone  
  13  0:12  Overlord  
  13  0:17  Drone  
  14  0:30  Drone  
  14  0:31  Drone  
  16  0:48  Drone  
  17  0:54  Drone  
  18  1:03  Hatchery  
  18  1:04  Drone  
  18  1:13  Extractor  
  17  1:22  Hatchery  
  17  1:26  Drone  
  17  1:30  Drone  
  19  1:42  Spawning Pool  
  19  1:45  Drone  
  19  1:47  Extractor  
  19  1:50  Drone  
  19  1:52  Drone  
  20  2:01  Drone  
  21  2:16  Drone x2  
  23  2:28  Queen  
  23  2:29  Queen  
  27  2:31  Zergling x2  
  27  2:33  Queen  
  30  2:37  Zergling x2  
  30  2:39  Zergling x2  
  32  2:44  Overlord  
  32  2:49  Metabolic Boost  
  32  2:54  Zergling x2  
  32  2:58  Drone  
  34  3:04  Drone  
  34  3:06  Drone  
  34  3:09  Drone  
  34  3:10  Drone  
  34  3:11  Drone  
  38  3:14  Zergling x2  
  38  3:15  Zergling x2  
  39  3:20  Zergling x2  
  39  3:21  Zergling x2  
  38  3:29  Zergling x2  
  38  3:30  Zergling x2  
  38  3:31  Zergling x2  
  38  3:32  Drone  
  41  3:35  Drone  
  41  3:40  Overlord  
  41  3:43  Overlord  
  41  3:51  Overlord  
  41  3:56  Overlord  
  41  3:59  Drone  
  41  4:00  Drone x3  
  45  4:03  Drone  
  45  4:06  Drone  
  45  4:07  Drone  
  45  4:08  Drone  
  49  4:19  Overlord  
  49  4:20  Zergling x4  
  49  4:21  Zergling x4  
  49  4:22  Zergling x2  
  54  4:28  Roach Warren  
  54  4:29  Zergling x2  
  54  4:30  Zergling x2  
  54  4:32  Zergling x2  
  54  4:34  Zergling x4  
  54  4:37  Zergling x2  
  58  4:40  Zergling x4  
  58  4:45  Zergling x2  
  61  4:50  Drone  
  61  4:57  Zergling x6  
  61  4:58  Zergling x10  
  63  5:08  Roach  
  63  5:09  Roach x2  
  63  5:12  Roach  
  63  5:13  Roach  
  65  5:14  Roach  
  65  5:21  Lair  
  67  5:22  Drone x3  
  67  5:26  Roach  
  67  5:27  Roach  
  67  5:28  Roach  
  77  5:35  Roach  
  77  5:36  Roach  
  77  5:40  Roach  
  77  5:41  Queen  
  79  5:46  Roach  
  79  5:49  Overlord  
  80  5:50  Drone x2  
  80  5:52  Roach  
  78  5:59  Spore Crawler  
  78  6:01  Drone  
  75  6:06  Spore Crawler  
  75  6:07  Drone  
  72  6:11  Drone  
  72  6:14  Drone  
  65  6:19  Drone  
  65  6:25  Drone x2  
  65  6:27  Drone  
  65  6:32  Drone x2  
  68  6:36  Drone x2  
  68  6:38  Drone  
  71  6:41  Drone  
  71  6:42  Drone  
  71  6:44  Drone  
  74  6:52  Drone x4  
  74  6:55  Drone  
  74  6:57  Extractor  
  74  6:58  Drone  
  74  6:59  Drone  
  74  7:00  Drone  
  77  7:01  Drone  
  77  7:03  Drone  
  79  7:09  Infestation Pit, Drone  
  79  7:11  Extractor  
  79  7:12  Drone x2  
  80  7:16  Zergling x2  
  80  7:17  Zergling x2  
  80  7:19  Roach  
  80  7:20  Zergling x2  
  80  7:21  Drone  
  83  7:24  Drone  
  83  7:25  Drone  
  83  7:28  Extractor, Overlord  
  84  7:30  Zergling x2  
  84  7:33  Overlord  
  84  7:37  Ravager, Drone x2  
  86  7:39  Drone  
  86  7:40  Extractor  
  86  7:42  Drone  
  86  7:44  Overlord  
  88  7:48  Swarm Host x2  
  94  7:52  Swarm Host  
  94  7:56  Swarm Host  
  100  8:04  Swarm Host  
  102  8:07  Drone x4  
  103  8:13  Swarm Host  
  103  8:15  Drone  
  103  8:16  Drone x3  
  103  8:17  Drone  
  111  8:28  Baneling Nest, Glial Reconstitution  
  111  8:30  Zergling x2  
  111  8:31  Zergling x4  
  113  8:38  Extractor  
  113  8:39  Zergling x2  
  113  8:40  Overlord x3  
  113  8:49  Zergling x2, Overlord  
  113  9:01  Zergling x18  
  113  9:02  Zergling x10  
  117  9:16  Zergling x2, Centrifical Hooks  
  115  9:18  Baneling x10  
  115  9:19  Roach x2  
  115  9:21  Roach  
  121  9:26  Zergling x14  
  121  9:29  Zergling x2  
  129  9:35  Zergling x8  
  133  9:40  Roach  
  133  9:45  Evolution Chamber, Roach  
  131  9:46  Roach  
  131  9:47  Roach x2  
  131  9:52  Ravager  
  134  9:53  Ravager x3  
  134  9:55  Baneling  
  134  9:56  Baneling  
  134  9:57  Zergling x6  
  134  9:58  Zergling x2  
  141  10:00  Drone  
  141  10:01  Drone  
  141  10:04  Baneling  
  141  10:05  Baneling x4  
  141  10:06  Zergling x2  
  138  10:19  Zergling x16  
  138  10:20  Zergling x2  
  128  10:24  Zergling x2  
  128  10:25  Baneling x4  
  128  10:26  Ravager, Baneling  
  125  10:30  Zergling x2  
Tags
 
Add a new tag
Caveats
  • Supply blocks, unpowered buildings, or Contaminate may cause inaccurate times.
  • Supply counts are checked every 10 seconds.